 Dungeon Crawl Stone Soup version 0.28.0-53-g5a82cb258f (console) character file.

Game seed: 8920425502356784541

12572 Faeu the Fencer (level 11, -6/91 HPs)
             Began as a Minotaur Fighter on May 28, 2022.
             Was a Follower of Hepliaklqana.
             Killed by divine providence
             ... invoked by an orc priest
              (16 damage)
             ... on level 2 of the Orcish Mines.
             The game lasted 00:44:56 (16087 turns).

Faeu the Fencer (Minotaur Fighter)                 Turns: 16087, Time: 00:44:56

Health: -6/91      AC: 18    Str: 24    XL:     11   Next: 64%
Magic:  10/10      EV:  7    Int:  5    God:    Hepliaklqana [*.....]
Gold:   839        SH:  5    Dex: 11    Spells: 10/10 levels left

rFire   + . .      SeeInvis .   S - +5 scimitar {long}
rCold   + . .      Faith    .   c - +0 buckler
rNeg    . . .      Spirit   .   L - +0 plate armour
rPois   .          Reflect  .   (helmet restricted)
rElec   .          Harm     .   (no cloak)
rCorr   .          Rampage  .   j - +0 pair of gloves
Will    .....                   n - +0 pair of boots
Stlth   ..........              (no amulet)
HPRegen 0.25/turn               z - ring of protection from fire
MPRegen 0.12/turn               T - ring of protection from cold

@: no status effects
A: reduced essence, horns 2, retaliatory headbutt
a: Renounce Religion, Recall Ancestor, Ancestor Identity


You were on level 2 of the Orcish Mines.
You worshipped Hepliaklqana.
Hepliaklqana was aware of your devotion.
You visited 3 branches of the dungeon, and saw 14 of its levels.
You also visited: Bailey.

You collected 839 gold pieces.


Innate Abilities, Weirdness & Mutations

Your life essence is reduced to manifest your ancestor. (-10% HP)
You have a pair of horns on your head.
You reflexively headbutt those who attack you in melee.


   Skills:
 + Level 11.1 Fighting
 - Level 16.0 Long Blades
 + Level 11.1 Armour
 + Level 5.9 Shields


You had 10 spell levels left.
You didn't know any spells.
Your spell library contained the following spells:

 Spells                   Type           Power      Damage    Failure   Level
 Pain                     Necr           0%         1d4       100%        1
 Blink                    Tloc           0%         N/A       100%        2
 Sublimation of Blood     Necr           0%         N/A       100%        2
 Wereblood                Tmut           0%         N/A       100%        2
 Gell's Gravitas          Tloc           0%         N/A       100%        3
 Lesser Beckoning         Tloc           0%         N/A       100%        3
 Teleport Other           Tloc           0%         N/A       100%        3
 Agony                    Necr           0%         N/A       100%        5
 Excruciating Wounds      Necr           0%         N/A       100%        5
 Manifold Assault         Tloc           0%         N/A       100%        5
 Summon Hydra             Summ           0%         N/A       100%        7

Inventory:

Hand Weapons
 i - a +0 whip of electrocution {mace}
   (You took it off an orc on level 10 of the Dungeon)
 C - a +0 glaive of venom {polearm}
   (You took it off an orc warrior on level 1 of the Orcish Mines)
 F - a +1 dagger of speed {short}
   (You took it off an orc wizard on level 2 of the Orcish Mines)
 Q - a +2 dagger of freezing {short}
   (You took it off a wight on level 8 of the Dungeon)
 S - a +5 scimitar (weapon) {long}
   (You took it off a wight on level 8 of the Dungeon)
Missiles
 M - 8 poisoned darts (quivered) {throwing}
 N - 6 curare-tipped darts {=fthrowing}
Armour
 b - a +0 scale mail
 c - a +0 buckler (worn)
 j - a +0 pair of gloves (worn)
   (You found it on level 1 of the Dungeon)
 n - a +0 pair of boots (worn)
   (You found it on level 2 of the Dungeon)
 p - a +3 ring mail of willpower
   (You took it off Ijyb on level 4 of the Dungeon)
 D - a +0 chain mail
   (You took it off an orc on level 5 of the Dungeon)
 L - a +0 plate armour (worn)
   (You took it off an orc warrior on level 7 of the Dungeon)
 V - a +2 robe of willpower
   (You took it off Erolcha on level 9 of the Dungeon)
Jewellery
 l - a ring of protection from fire
   (You found it on level 2 of the Dungeon)
 u - an amulet of magic regeneration {@e2}
   (You found it on level 4 of the Dungeon)
 z - a ring of protection from fire (left hand)
   (You found it on level 5 of the Dungeon)
 T - a ring of protection from cold (right hand)
   (You found it on level 9 of the Dungeon)
Wands
 d - a wand of flame (26)
   (You found it on level 4 of the Dungeon)
 o - a wand of iceblast (15)
   (You found it on level 4 of the Dungeon)
 w - a wand of digging (6)
   (You found it on level 4 of the Dungeon)
 x - a wand of paralysis (7)
   (You found it on level 5 of the Dungeon)
 E - a wand of acid (4)
   (You found it on level 6 of the Dungeon)
 I - a wand of polymorph (8)
   (You found it on level 6 of the Dungeon)
Scrolls
 f - 3 scrolls of teleportation {@r4}
 g - a scroll of magic mapping {!r}
 h - 6 scrolls of immolation {!r!r}
 q - a scroll of vulnerability {!r!r}
 r - 2 scrolls of amnesia
 t - 3 scrolls of fear
 v - 6 scrolls of summoning
 y - 2 scrolls of fog
 B - 3 scrolls of enchant armour
 H - 4 scrolls of enchant weapon
 J - a scroll of noise {!r}
Potions
 a - a potion of degeneration {unknown}
 e - a potion of resistance {unknown}
 k - 4 potions of curing {@q1}
 m - 6 potions of ambrosia
 s - 3 potions of lignification {unknown}
 A - 5 potions of magic
 U - 4 potions of mutation {!q}
 W - 2 potions of might
 X - 3 potions of invisibility {unknown}
 Y - a potion of experience
 Z - a potion of haste {unknown}

Dungeon Overview and Level Annotations

Branches:
Dungeon (11/15)            Temple (1/1) D:6             Orc (2/2) D:10
    Elf (0/3) Orc:2        Bailey (visited)
   Lair: D:8-11

Altars:
Ashenzari
Cheibriados
Dithmenos
Elyvilon
Fedhas
Gozag
Hepliaklqana
Kikubaaqudgha
Makhleb
Okawaru
Qazlal
Ru
Sif Muna
Trog
Uskayaw
Vehumet
Wu Jian
Xom
Yredelemnul
Zin
The Shining One

Annotations:
D:10 4 transporters
Orc:2 3 runed translucent doors

### ..#.###.# ##.........#... ##
...........#.. # ##.######
####....#.....#.. ###.
#....##.###......#......#.. ##...
#.......#......## #...... .^....
##....#........## ##.....
$.....###...............###......
.......#).)[#...@................
........#..#)oR.#####..........##
...........o#.### ##.........###
............### ##.##........#.
.............## #...#.....#.###
..........#...## ##.#####.#### #
...#..o....#...# #...# ###
...............## ##.##
................## ###
................#
.........#######


You could see the friendly Kenrick the ancestor, an orc priest (strong) and an
orc (strong).


Message History

😕 HP[+1] 😕 HP[+1] 😕 HP[+1] 😕 HP[+1] 😕 HP[+1] 😕 HP[+1] 😕 HP[+1]
Items here: ))) [[. 😕 HP[+1]
An orc wizard comes into view. It is wielding a +0 dagger.
Things that are here:
a +0 club {mace}; a +0 dagger {short}; a +0 robe 😕 HP[+1] 😕 HP[+1]
You hit the orc wizard.
You headbutt the orc wizard, but do no damage.
Kenrick barely misses the orc wizard.
The orc wizard hits you with a +0 dagger. 😕 HP[-2]
You take 2 damage, and now have 86/91 hp.
You closely miss the orc wizard. You headbutt the orc wizard!
Kenrick hits the orc wizard.
The orc wizard dies! 😕 HP[+1]
You start resting.
An orc comes into view. It is wielding a +0 club. 😕 HP[+3]
You regained 3 hp, and now have 90/91 hp.
You slice the orc!!
You kill the orc! 😎 HP[+1]
You start waiting.
You hear a shout! x2
An orc knight comes into view. It is wielding a +0 great sword.
You barely miss the orc knight.
The orc knight hits you with a +0 great sword. 😕 HP[-4]
You take 4 damage, and now have 87/91 hp.
You slash the orc knight!
You headbutt the orc knight, but do no damage.
Kenrick hits the orc knight but does no damage.
You closely miss the orc knight.
The orc knight hits you but does no damage.
Kenrick barely misses the orc knight.
You barely miss the orc knight.
The orc knight hits you with a +0 great sword.
Kenrick completely misses the orc knight. 😕 HP[-6]
You take 6 damage, and now have 81/91 hp.
You slash the orc knight! You headbutt the orc knight.
The orc knight hits you with a +0 great sword! 😮 HP[-15]
You take 15 damage, and now have 66/91 hp.
You slice the orc knight!! Your headbutt misses the orc knight.
Kenrick hits the orc knight but does no damage.
You hit the orc knight. Your headbutt misses the orc knight.
The orc knight hits you but does no damage.
Kenrick barely misses the orc knight. 😮 HP[+1]
You completely miss the orc knight. You block the orc knight's attack.
Kenrick hits the orc knight!
You closely miss the orc knight.
The orc knight roars a battlecry!
You hear a shout!
You hit the orc knight but do no damage.
Kenrick misses the orc knight.
You closely miss the orc knight.
The orc knight hits you with a +0 great sword!
Kenrick misses the orc knight. 😮 HP[-16]
You take 16 damage, and now have 51/91 hp.
You slash the orc knight! Your headbutt misses the orc knight.
The orc knight roars a battlecry!
Kenrick closely misses the orc knight. 😮 HP[+1]
You hit the orc knight but do no damage.
The orc knight hits you with a +0 great sword!!
* * * LOW HITPOINT WARNING * * *
😨 HP[-22]
You take 22 damage, and now have 30/91 hp.
MASSIVE DAMAGE!! (PAUSE)
You hit the orc knight but do no damage.
Kenrick closely misses the orc knight.
You closely miss the orc knight. Your headbutt misses the orc knight.
The orc knight hits you with a +0 great sword!!
* * * LOW HITPOINT WARNING * * *
Kenrick barely misses the orc knight. 😱 HP[-22]
You take 22 damage, and now have 8/91 hp.
MASSIVE DAMAGE!! (PAUSE)
You hit the orc knight.
You kill the orc knight!
You start resting.
An orc comes into view. It is wielding a +0 trident. 😱 HP[+1]
An orc priest comes into view. It is wielding a +0 hand axe.
The orc priest shouts!
You hear a shout!
The orc priest calls down the wrath of Beogh upon you.
Beogh smites you!
You die...

Skill      XL: |  1  2  3  4  5  6  7  8  9 10 11 |
---------------+----------------------------------+-----
Long Blades    | 3 4 6 8 9 11 14 16 | 16.0
Fighting       | 5 9 11 | 11.1
Armour         | 5 9 11 | 11.1
Shields        | 5 |  5.9

Action                   |  1- 3 |  4- 6 |  7- 9 | 10-12 || total
-------------------------+-------+-------+-------+-------++-------
Melee: Long sword        |    76 |    83 |   152 |       ||   311
       Headbutt          |     8 |    10 |    96 |    49 ||   163
       Dagger            |       |       |   293 |       ||   293
       Scimitar          |       |       |    10 |   305 ||   315
Throw: Dart              |       |       |       |    13 ||    13
Evoke: Wand              |       |       |     3 |    18 ||    21
  Use: Potion            |       |     1 |       |       ||     1
       Scroll            |       |       |       |    13 ||    13
 Stab: Paralysed         |       |       |     1 |     8 ||     9
Armor: Scale mail        |    29 |    39 |    23 |       ||    91
       Chain mail        |       |       |    56 |       ||    56
       Plate armour      |       |       |    94 |   185 ||   279
Dodge: Dodged            |    37 |    48 |   110 |    86 ||   281
Block: Buckler           |    17 |    15 |    62 |    56 ||   150

Levels and vault maps discovered:
D:1:      amcnicky_arrival_gap_in_the_tavern_cellar, layout_loops_ring,
          ebering_ecumenical_altar_webs, serial_bayou_lagoon_b
D:2:      layout_loops_cross, basic_altar
D:3:      layout_loops_ring, nemelex_dance_club_becter, uniq_natasha,
          uniq_pargi, uniq_jessica
D:4:      layout_gridville, grunt_temple_overflow_holy_war, lemuel_doored_altar,
          kennysheep_generic_room_5, uniq_grinder, uniq_ijyb, uniq_robin
D:5:      layout_basic, roderic_serpentine_path
D:6:      layout_basic, old_standard_altar, lemuel_coloured_pillars_altar,
          minmay_temple_entry_nine_rooms
D:7:      layout_rooms, mainiacjoe_overflow_alcove_4
D:8:      minmay_statue_hallways, layout_rooms
D:9:      layout_loops_ring, minitemple, serial_co_window_serial,
          co_window_of_opportunity_a, co_window_corner_a, co_window_corner_a,
          co_window_corner_a, co_window_corner_a, co_window_broadway_a,
          co_window_unsneaky_path_c, co_window_of_opportunity_b,
          co_window_corner_ca, co_window_unsneaky_path_d, co_window_corner_cb,
          co_window_2corner, co_window_paths_d, co_window_paths_e,
          glass_columns_a, glass_columns_c, glass_columns_a, glass_columns_c,
          uniq_erolcha
D:10:     layout_irregular_city, nicolae_gozag_cash_rules_everything_around_me,
          david_orc_2, enter_bailey_3, serial_nicolae_subway,
          nicolae_sub_station_crystal, nicolae_sub_station_metal,
          nicolae_sub_station_stone
D:11:     layout_basic, lair_entry_dummy, minmay_misc_feat_five
Temple:   dpeg_three_leaves_temple
Orc:1:    layout_caves, basic_altar, ebering_ghost_inner_flame
Orc:2:    st_orc_congregation, layout_diamond_mine, gammafunk_ghost_necromancy

Notes
Turn   | Place    | Note
-------+----------+-------------------------------------------
     0 | D:1      | Faeu the Minotaur Fighter began the quest for the Orb.
     0 | D:1      | Reached XP level 1. HP: 19/19 MP: 0/0
     0 | D:1      | magus.rc [v1.9.6]
   116 | D:1      | Reached skill level 3 in Long Blades
   147 | D:1      | Reached XP level 2. HP: 26/26 MP: 1/1
   206 | D:1      | You pick up a book of Pain and begin reading...
   206 | D:1      | You add the spells Pain, Agony and Excruciating Wounds to
                  | your library.
   393 | D:1      | Reached skill level 4 in Long Blades
   614 | D:1      | Found a faded altar of an unknown god.
   742 | D:1      | Reached XP level 3. HP: 31/31 MP: 2/2
  1163 | D:2      | Found a stormy altar of Qazlal.
  1375 | D:2      | You pick up a book of Spatial Translocations and begin
                  | reading...
  1375 | D:2      | You add the spells Blink, Lesser Beckoning and Manifold
                  | Assault to your library.
  1467 | D:2      | You pick up a book of Displacement and begin reading...
  1467 | D:2      | You add the spells Gell's Gravitas and Teleport Other to
                  | your library.
  1580 | D:3      | Noticed Pargi
  1586 | D:3      | Killed Pargi
  1587 | D:3      | Reached skill level 6 in Long Blades
  1587 | D:3      | Reached XP level 4. HP: 24/39 MP: 3/3
  1740 | D:3      | Reached XP level 5. HP: 37/45 MP: 4/4
  1805 | D:3      | Noticed Natasha
  1816 | D:3      | Killed Natasha
  1835 | D:3      | Noticed Jessica
  1853 | D:3      | Killed Jessica
  1854 | D:3      | Reached skill level 7 in Long Blades
  1907 | D:4      | Noticed Robin
  1929 | D:5      | Entered Level 5 of the Dungeon
  1936 | D:4      | HP: 7/45 [hobgoblin[Robin] (6)]
  1938 | D:4      | Killed Robin
  2282 | D:4      | Found a shadowy altar of Dithmenos.
  2285 | D:4      | Noticed Ijyb
  2288 | D:4      | Noticed an ogre
  2298 | D:4      | Killed an ogre
  2299 | D:4      | Reached skill level 8 in Long Blades
  2299 | D:4      | Reached XP level 6. HP: 22/51 MP: 5/5
  2303 | D:4      | Killed Ijyb
  2588 | D:4      | Found a glowing golden altar of the Shining One.
  2590 | D:4      | Noticed an angel
  2595 | D:4      | Found a basalt altar of Yredelemnul.
  2597 | D:4      | Noticed a profane servitor
  2880 | D:4      | Noticed Grinder
  2880 | D:4      | Paralysed by Grinder for 4 turns
  2898 | D:4      | Reached skill level 9 in Long Blades
  2910 | D:4      | Paralysed by Grinder for 2 turns
  2942 | D:4      | Paralysed by Grinder for 7 turns
  2951 | D:4      | Killed Grinder
  2952 | D:4      | Reached XP level 7. HP: 15/57 MP: 6/6
  3210 | D:4      | Reached skill level 10 in Long Blades
  3675 | D:5      | You pick up a book of Blood and begin reading...
  3675 | D:5      | You add the spells Sublimation of Blood, Wereblood and
                  | Summon Hydra to your library.
  3938 | D:5      | Reached skill level 11 in Long Blades
  4101 | D:5      | Reached XP level 8. HP: 60/64 MP: 7/7
  4648 | D:6      | Reached skill level 12 in Long Blades
  4658 | D:6      | HP: 15/64 [vampire mosquito (5)]
  4662 | D:6      | HP: 6/64 [vampire mosquito (8)]
  4664 | D:6      | Reached skill level 13 in Long Blades
  4971 | D:6      | HP: 16/64 [steam dragon (4)]
  5304 | D:6      | Found a stormy altar of Qazlal.
  5747 | D:6      | Found a staircase to the Ecumenical Temple.
  5754 | Temple   | Entered the Ecumenical Temple
  5902 | D:6      | Found a glowing silver altar of Zin.
  6420 | D:6      | Reached skill level 14 in Long Blades
  6420 | D:6      | Reached XP level 9. HP: 69/70 MP: 8/8
  7014 | D:7      | Found a white marble altar of Elyvilon.
  8133 | D:8      | Reached skill level 15 in Long Blades
  8346 | D:9      | Noticed a troll
  8565 | D:8      | Killed a troll
  9258 | D:8      | Reached skill level 16 in Long Blades
  9275 | D:8      | Noticed an obsidian statue
  9333 | D:8      | Killed an obsidian statue
  9334 | D:8      | Reached skill level 4 in Fighting
  9334 | D:8      | Reached skill level 4 in Armour
  9511 | D:8      | Reached skill level 5 in Fighting
  9511 | D:8      | Reached skill level 5 in Armour
  9714 | D:8      | Reached XP level 10. HP: 81/81 MP: 9/9
 10061 | D:9      | Reached skill level 6 in Fighting
 10061 | D:9      | Reached skill level 6 in Armour
 10458 | D:9      | Noticed Erolcha
 10469 | D:9      | Killed Erolcha
 10729 | D:9      | Found a hazy altar of Hepliaklqana.
 10733 | D:9      | Found a bloodstained altar of Trog.
 10735 | D:9      | Found an iron altar of Okawaru.
 10738 | D:9      | Found a radiant altar of Vehumet.
 10739 | D:9      | Found an ancient bone altar of Kikubaaqudgha.
 10997 | D:9      | Became a worshipper of Hepliaklqana the Forgotten
 11048 | D:10     | Entered Level 10 of the Dungeon
 11070 | D:10     | Found a flagged portal.
 11094 | Bailey   | Entered a bailey
 11112 | Bailey   | Reached skill level 7 in Fighting
 11112 | Bailey   | Reached skill level 7 in Armour
 11252 | Bailey   | HP: 19/86 [orc/+0 war axe (3)]
 11587 | Bailey   | Noticed an orc knight
 11791 | Bailey   | Killed an orc knight
 11792 | Bailey   | Reached skill level 8 in Fighting
 11792 | Bailey   | Reached skill level 8 in Armour
 11847 | Bailey   | Noticed an orc knight
 11891 | Bailey   | Killed an orc knight
 12373 | D:10     | Reached skill level 9 in Fighting
 12373 | D:10     | Reached skill level 9 in Armour
 12382 | D:10     | Found a transporter.
 12408 | D:10     | Found a transporter.
 12428 | D:10     | Noticed a two-headed ogre
 12441 | D:10     | Killed a two-headed ogre
 12442 | D:10     | Reached XP level 11. HP: 69/97 MP: 10/10
 12442 | D:10     | Identified a +1 robe of the Archmagi
 12567 | D:10     | Noticed a two-headed ogre
 12592 | D:10     | Killed a two-headed ogre
 12769 | D:10     | Found a transporter.
 12778 | D:10     | Found a transporter.
 12799 | D:10     | Found a staircase to the Orcish Mines.
 13069 | Orc:1    | Entered Level 1 of the Orcish Mines
 13143 | D:10     | Found a transporter.
 13144 | D:10     | Found a transporter.
 13177 | D:10     | Found an opulent altar of Gozag.
 13362 | D:10     | Reached skill level 10 in Fighting
 13362 | D:10     | Reached skill level 10 in Armour
 13466 | D:10     | Reached * piety under Hepliaklqana
 13681 | D:10     | Reached skill level 4 in Shields
 13935 | D:11     | Noticed a seven-headed hydra
 14110 | Orc:1    | Noticed an orc knight
 14411 | D:10     | HP: 12/101 [orc knight/+0 long sword (19)]
 14412 | D:10     | Killed an orc knight
 14764 | D:10     | Reached skill level 5 in Shields
 15245 | Orc:1    | Found a radiant altar of Vehumet.
 15272 | Orc:1    | Noticed an orc knight
 15274 | Orc:2    | Entered Level 2 of the Orcish Mines
 15343 | Orc:2    | Found a staircase to the Elven Halls.
 15580 | Orc:2    | Found a runed translucent gate.
 15580 | Orc:2    | Found a runed translucent gate.
 15598 | Orc:2    | Found a runed translucent gate.
 15704 | Orc:2    | Reached skill level 11 in Fighting
 15704 | Orc:2    | Reached skill level 11 in Armour
 16066 | Orc:2    | Noticed an orc knight
 16081 | Orc:2    | HP: 8/91 [orc knight/+0 great sword (22)]
 16082 | Orc:2    | Killed an orc knight
 16087 | Orc:2    | Killed from afar by an orc priest

Vanquished Creatures
  Erolcha (D:9)
  2 two-headed ogres (D:10)
  4 orc knights
  An obsidian statue (D:8)
  A cyclops (D:10)
  2 trolls
  Grinder (D:4)
  2 wraiths
  A vampire (D:10)
  4 vampire mosquitoes (D:6)
  2 steam dragons
  2 wargs
  Pargi (D:3)
  3 sky beasts
  18 orc warriors
  An ice beast (D:7)
  7 ogres
  2 centaurs
  A kobold brigand (D:8)
  A bullfrog (D:9)
  A scorpion (D:4)
  5 killer bees (D:9)
  5 wights (D:8)
  5 howler monkeys
  6 centaur zombies
  2 bullfrog zombies
  2 jellies
  3 hounds
  9 orc priests
  Ijyb (D:4)
  Jessica (D:3)
  A gnoll shaman (D:8)
  4 iguanas
  Natasha (D:3)
  9 orc wizards
  Robin (D:4)
  2 howler monkey zombies
  4 gnolls (D:8)
  3 adders
  2 white imps
  A dart slug (D:5)
  53 orcs
  4 bats
  4 endoplasms
  A giant cockroach (D:1)
  14 goblins
  8 hobgoblins
  5 jackals (D:3)
  13 kobolds
  4 quokkas
  3 ball pythons
  3 frilled lizards
  8 rats
245 creatures vanquished.

Vanquished Creatures (collateral kills)
  2 orc wizards (Orc:2)
  5 orcs
7 creatures vanquished.

Vanquished Creatures (others)
  An iguana (D:4)
  2 ancestors
3 creatures vanquished.

Grand Total: 255 creatures vanquished

Table legend:
 A = Non-vault XP
 B = Vault XP
 C = Vault XP percentage of total XP
 D = Non-vault monster count
 E = Vault monster count
 F = Vault count percentage of total count
                 A         B        C        D         E       F
            +---------+---------+-------+---------+---------+-------
      Total |   12338 |    5623 |  31.3 |     181 |      71 |  28.2
            +---------+---------+-------+---------+---------+-------
        D:1 |      41 |       0 |   0.0 |      26 |       0 |   0.0
        D:2 |       8 |       0 |   0.0 |       6 |       0 |   0.0
        D:3 |      30 |     206 |  87.3 |      10 |       3 |  23.1
        D:4 |     403 |     340 |  45.8 |      11 |      13 |  54.2
        D:5 |     516 |       4 |   0.8 |      15 |       2 |  11.8
        D:6 |    1260 |       0 |   0.0 |      15 |       0 |   0.0
        D:7 |     775 |       0 |   0.0 |      12 |       0 |   0.0
        D:8 |    1357 |     580 |  29.9 |      31 |       1 |   3.1
        D:9 |     905 |     851 |  48.5 |      16 |       1 |   5.9
       D:10 |    5561 |     288 |   4.9 |      25 |      12 |  32.4
       D:11 |     740 |       0 |   0.0 |       2 |       0 |   0.0
      Orc:1 |     419 |       0 |   0.0 |       3 |       0 |   0.0
      Orc:2 |     323 |    1042 |  76.3 |       9 |      10 |  52.6
     Bailey |       0 |    2312 | 100.0 |       0 |      29 | 100.0
            +---------+---------+-------+---------+---------+-------

Illustrated notes

Table legend:
 A = Kills in this place as a percentage of kills in entire the game.
 B = Kills by you in this place as a percentage of kills by you in the entire game.
 C = Kills by friends in this place as a percentage of kills by friends in the entire game.
 D = Other kills in this place as a percentage of other kills in the entire game.
 E = Experience gained in this place as a percentage of experience gained in the entire game.
 F = Experience gained in this place divided by the number of levels of this place that you have seen.
                   A       B       C       D       E      F
               +-------+-------+-------+-------+-------+----------------------
         Total | 100.0 | 100.0 | 100.0 |   N/A | 100.0 | 1197.4
       Dungeon |  79.8 |  81.2 |  28.6 |   N/A |  77.2 | 1260.5
  Orcish Mines |   8.7 |   6.9 |  71.4 |   N/A |   9.9 | 892.0
        Bailey |  11.5 |  11.8 |   0.0 |   N/A |  12.9 | 2312.0
               +-------+-------+-------+-------+-------+----------------------

Table legend: (Time is in decaauts)
 A = Elapsed time spent in this place.
 B = Non-inter-level travel time spent in this place.
 C = Inter-level travel time spent in this place.
 D = Time resting spent in this place.
 E = Time spent auto-exploring this place.
 F = Levels seen in this place.
 G = Mean time per level.
                   A        B        C        D        E       F      G
               +--------+--------+--------+--------+--------+-----+--------+
         Total |  15922 |  15456 |    466 |   3325 |   9234 |  15 | 1061.5 |
       Dungeon |  13650 |  13184 |    466 |   2252 |   8842 |  11 | 1240.9 |
        Temple |     86 |     86 |      0 |      0 |     58 |   1 |   86.0 |
  Orcish Mines |    954 |    954 |      0 |    423 |     39 |   2 |  477.0 |
        Bailey |   1231 |   1231 |      0 |    650 |    295 |   1 | 1231.0 |
               +--------+--------+--------+--------+--------+-----+--------+

Top non-repeatable levels by time:
    D:10: 2501 daAuts
     D:6: 2146 daAuts
     D:9: 1648 daAuts
     D:4: 1617 daAuts
     D:8: 1572 daAuts
  Bailey: 1231 daAuts
     D:5: 1036 daAuts
     D:7: 1012 daAuts
     D:1: 928 daAuts
   Orc:2: 794 daAuts
     D:2: 689 daAuts
     D:3: 330 daAuts
    D:11: 167 daAuts
   Orc:1: 159 daAuts
  Temple: 86 daAuts
